Map: Pillars of Gold LE

Players

Nordres - Winner!

  • Race: Zerg Zerg
  • League: Master
  • Spawn Location: 7:00

Alexander

  • Race: Protoss Protoss
  • League: Master
  • Spawn Location: 1:00

VOD

Have the link to the VOD?

Description

Time

  • Played on: July 10, 2020, 3:12 p.m.
  • Length: 12:54
Show
View Real Time Build Order
Export as new Build Order

Nordres Zerg - Winner!

Build Orders: Hatch First 

Get SALT Encoding   

  12  0:01  Drone  
  13  0:12  Overlord  
  13  0:18  Drone  
  14  0:30  Drone x2  
  16  0:50  Hatchery  
  16  0:53  Drone  
  16  0:56  Drone  
  17  1:00  Drone  
  18  1:10  Extractor  
  17  1:16  Spawning Pool  
  16  1:22  Drone x2  
  18  1:30  Drone  
  19  1:49  Drone  
  20  1:59  Overlord  
  20  2:04  Queen x2  
  20  2:05  Zergling x2  
  20  2:07  Zergling x2  
  26  2:15  Drone x2  
  28  2:19  Metabolic Boost  
  28  2:27  Drone x2  
  30  2:36  Overlord  
  30  2:37  Drone  
  31  2:44  Drone  
  31  2:45  Drone  
  33  2:56  Hatchery  
  32  3:02  Queen  
  34  3:18  Drone x5  
  34  3:19  Drone x2  
  41  3:22  Overlord  
  41  3:28  Overlord  
  41  3:38  Roach Warren  
  40  3:46  Drone  
  41  3:52  Zergling x12  
  41  3:55  Drone x2  
  49  4:06  Spore Crawler  
  49  4:08  Queen  
  50  4:10  Overlord  
  50  4:11  Overlord  
  50  4:21  Overlord  
  50  4:35  Drone x6  
  50  4:36  Zergling x10  
  58  4:57  Zergling x2  
  58  4:58  Zergling x14  
  61  5:02  Spore Crawler, Extractor  
  61  5:06  Drone x4, Spore Crawler  
  62  5:15  Lair  
  62  5:16  Drone x2, Extractor  
  63  5:21  Roach x2  
  63  5:22  Roach x3  
  63  5:26  Drone  
  74  5:42  Overlord x2  
  69  5:57  Drone x2  
  69  5:58  Drone  
  69  5:59  Drone x2  
  69  6:00  Overlord x3  
  74  6:09  Ravager x5  
  79  6:12  Drone x2  
  79  6:13  Drone, Evolution Chamber  
  79  6:14  Drone x2  
  79  6:16  Drone  
  79  6:17  Drone, Extractor  
  84  6:22  Roach, Zergling x2  
  84  6:23  Zergling x6  
  84  6:24  Zergling x8  
  94  6:25  Glial Reconstitution  
  94  6:29  Drone x2  
  94  6:30  Drone  
  97  6:33  Zergling x2  
  98  6:42  Drone x3  
  90  7:05  Zergling x16  
  90  7:06  Zergling x4  
  85  7:21  Roach x4  
  91  7:25  Zerg Melee Weapons Level 1  
  91  7:36  Roach x5  
  100  7:45  Ravager x3  
  100  7:46  Overlord x3  
  100  7:49  Extractor  
  102  7:52  Roach x7  
  111  8:03  Spine Crawler  
  102  8:12  Zergling x6  
  98  8:13  Zergling x22  
  103  8:23  Zergling x4  
  100  8:49  Roach x11  
  100  8:51  Drone  
  100  8:52  Drone x3  
  100  8:53  Baneling Nest  
  117  9:28  Roach x13  
  128  9:36  Extractor  
  121  9:50  Hatchery  
  114  9:55  Zergling x16  
  112  10:07  Roach x3  
  112  10:08  Roach x3  
  124  10:17  Roach x6  
  124  10:19  Zerg Melee Weapons Level 2, Centrifical Hooks  
  136  10:22  Zergling x2  
  136  10:23  Overlord x2  
  137  10:33  Overseer  
  137  10:34  Pneumatized Carapace  
  137  10:40  Overlord x3  
  137  10:43  Spire  
  137  10:47  Overlord  
  137  10:48  Roach, Overlord  
  137  10:49  Roach x6  
  137  11:17  Roach x3  
  137  11:18  Roach x13  
  139  11:32  Drone x2  
  139  11:33  Drone x4, Queen  
  137  11:44  Ravager x7  
  137  11:45  Ravager x3, Zergling x20  
  153  12:03  Zergling x26  
  153  12:05  Baneling x6  
  153  12:06  Baneling  
Show
View Real Time Build Order
Export as new Build Order

Alexander Protoss 

Build Orders: Nexus First 

Get SALT Encoding   

  12  0:01  Probe  
  13  0:13  Probe  
  14  0:18  Pylon  
  14  0:25  Probe  
  15  0:33  Probe  
  15  0:41  Probe  
  17  0:52  Probe  
  18  1:05  Nexus  
  18  1:16  Gateway  
  18  1:24  Probe  
  19  1:28  Pylon  
  19  1:33  Assimilator  
  19  1:40  Assimilator  
  19  1:48  Probe  
  20  1:56  Probe  
  20  1:59  Gateway  
  21  2:03  Cybernetics Core  
  21  2:04  Probe  
  21  2:08  Pylon  
  21  2:15  Probe x2  
  24  2:24  Probe  
  24  2:25  Zealot  
  24  2:27  Probe  
  26  2:33  Probe  
  29  2:39  Probe  
  29  2:41  Warp Gate  
  30  2:46  Sentry  
  30  2:47  Stalker  
  32  2:52  Probe  
  32  2:55  Probe  
  36  3:02  Pylon  
  36  3:04  Probe  
  37  3:11  Twilight Council  
  37  3:13  Probe  
  38  3:20  Adept  
  38  3:22  Probe  
  38  3:25  Probe  
  42  3:29  Assimilator  
  42  3:32  Pylon  
  42  3:39  Robotics Facility  
  42  3:42  Probe  
  42  3:45  Probe  
  42  3:46  Shield Battery  
  42  3:47  Sentry  
  46  3:54  Probe  
  47  3:57  Probe  
  47  4:02  Resonating Glaives, Assimilator  
  48  4:06  Probe  
  48  4:09  Probe  
  50  4:10  Gateway  
  50  4:18  Probe  
  50  4:21  Probe  
  52  4:27  Immortal  
  52  4:31  Probe  
  57  4:34  Sentry, Adept  
  61  4:42  Probe  
  61  4:45  Pylon  
  62  5:01  Nexus  
  62  5:03  Probe  
  63  5:07  Gateway  
  63  5:09  Gateway  
  63  5:11  Gateway  
  63  5:12  Observer  
  63  5:13  Sentry x2  
  68  5:16  Probe  
  69  5:23  Pylon  
  69  5:27  Robotics Bay  
  69  5:28  Probe  
  70  5:30  Pylon  
  70  5:40  Probe  
  70  5:42  Adept x3  
  75  5:51  Charge  
  75  5:53  Nexus  
  75  5:56  Probe  
  76  6:01  Gateway  
  76  6:06  Pylon  
  76  6:08  Shield Battery  
  76  6:09  Immortal  
  76  6:11  Shield Battery  
  76  6:13  Pylon x2  
  76  6:15  Assimilator  
  76  6:21  Sentry  
  76  6:23  Sentry  
  84  6:27  Probe  
  84  6:28  Pylon  
  84  6:32  Adept  
  87  6:34  Adept  
  87  6:37  Adept  
  91  6:42  Adept  
  91  6:46  Warp Prism  
  77  7:09  Adept x3  
  77  7:10  Adept x4  
  89  7:25  Probe  
  88  7:41  Adept x4  
  88  7:42  Adept x2  
  88  7:43  Adept  
  98  7:47  Probe  
  98  7:49  Pylon, Colossus  
  103  7:51  Gateway  
  79  8:31  Adept x6  
  79  8:32  Adept  
  79  8:33  Colossus  
  87  8:40  Probe x3  
  90  8:47  Robotics Facility  
  94  8:52  Probe  
  94  8:53  Forge  
  85  8:57  Forge, Adept x3  
  85  8:58  Adept x2  
  85  8:59  Sentry x2  
  99  9:03  Assimilator  
  97  9:14  Shield Battery  
  97  9:17  Zealot x3  
  97  9:18  Zealot  
  95  9:36  Colossus  
  101  9:40  Protoss Ground Weapons Level 1  
  95  9:46  Adept x5  
  95  9:47  Adept x3  
  95  10:00  Immortal  
  99  10:13  Protoss Ground Armor Level 1  
  99  10:19  Probe  
  100  10:21  Extended Thermal Lance  
  100  10:25  Immortal  
  100  10:27  Twilight Council  
  100  10:32  Stargate  
  100  10:34  Blink  
  105  10:42  Probe  
  105  10:49  Nexus  
  105  10:51  Pylon, Templar Archives  
  105  10:52  Immortal  
  105  10:54  Immortal  
  112  11:10  Zealot  
  112  11:11  Zealot x2  
  111  11:16  Zealot  
  111  11:17  Adept x2, Zealot  
  107  11:25  Probe x3  
  93  11:32  Zealot  
  91  11:37  Probe x2  
  90  11:53  Zealot x2  
  90  11:54  Zealot x3  
  98  12:00  Probe x3  
  104  12:08  Observer  
Tags
 
Add a new tag
Caveats
  • Supply blocks, unpowered buildings, or Contaminate may cause inaccurate times.
  • Supply counts are checked every 10 seconds.